[Event "*** SCC Grand Prix: Titled Tuesday Blitz"]
[Site "Chess.com"]
[Date "2020.10.06"]
[Round "9"]
[White "MoreChessJulia"]
[Black "draksbg"]
[Result "1/2-1/2"]
[WhiteElo "1989"]
[BlackElo "2543"]
[TimeControl "180+1"]
[EndTime "11:46:37 PDT"]
[Termination "Game drawn by repetition"]

1. d4 Nf6 2. Bg5 Ne4 3. Bh4 d5 4. Nd2 Bf5 5. f4 c6 6. Ngf3 Qb6 7. Rb1 Nd7 8. e3 e6 9. Bd3 Bd6 10. O-O h6 11. Ne5 Ndf6 12. g4 Nxd2 13. Bxf6 Be4 14.
Qxd2 gxf6 15. Nf3 Bxf3 16. Rxf3 O-O-O 17. h3 h5 18. g5 fxg5 19. fxg5 h4 20. Rxf7 Rdg8 21.
g6 Qd8 22. Kh1 e5 23. Bf5+ Kb8 24. b4 Qg5 25. Rg1 Qh6 26. b5 Rf8 27. bxc6 bxc6 28. Qa5 Rxf7 29. gxf7 Qxe3 30. Rg8+ Bf8 31. Rxf8+ Rxf8 32. Qb4+ Kc7 33. Qxf8 Qf3+ 34. Kh2 Qf2+ 35. Kh1 Qf3+ 36.
Kh2 Qf2+ 37. Kh1 Qf3+ 1/2-1/2

[Event "*** SCC Grand Prix: Titled Tuesday Blitz"]
[Site "Chess.com"]
[Date "2020.10.06"]
[Round "9"]
[White "Infernal_XaM"]
[Black "Alexander_Donchenko"]
[Result "1-0"]
[WhiteElo "2879"]
[BlackElo "2765"]
[TimeControl "180+1"]
[EndTime "11:46:39 PDT"]
[Termination "Infernal_XaM won by resignation"]

1. d4 d5 2. c4 dxc4 3. Nf3 a6 4. e4 b5 5. b3 cxb3 6. axb3 Bb7 7. Bd3 e6 8. O-O c5 9. Bb2 Nf6 10. Qe2 cxd4 11.
Nxd4 Bc5 12. Bxb5+ Nbd7 13. Bc4 O-O 14. e5 Nd5 15.
Qe4 Qg5 16. Nf3 Qg6 17. Nbd2 Nf4 18. Qxf4 Be7 19. Qg3 Qf5 20. Rfd1 Nc5 21. Nd4 Qh5 22. Be2 Qh6 23. Bf3 Bh4 24. Qg4 Bxf2+ 25. Kxf2 Nd3+ 26. Kf1 Qe3 27. Qh4 Bxf3 28. N2xf3 Nxb2 29. Re1 Qd3+ 30. Kg1 Rac8 31. Qf2 Qc3 32. Qe2 Nd3 33. Red1 Nc5 34. Rac1 Qb4 35. Rc4 Qb6 36. Qc2 Rc7 37. Kh1 Rfc8 38.
Rc1 a5 39. h3 h6 40. Kh2 Na6 41. Rxc7 Rxc7 42. Qd2 Rxc1 43. Qxc1 Nc5 44. Qc4 Qc7 45.
Qb5 Ne4 46. Qc6 Qb8 47. Qxe4 1-0

[Event "*** SCC Grand Prix: Titled Tuesday Blitz"]
[Site "Chess.com"]
[Date "2020.10.06"]
[Round "9"]
[White "Gusarov91"]
[Black "PowerThinking2650"]
[Result "1-0"]
[WhiteElo "2580"]
[BlackElo "2397"]
[TimeControl "180+1"]
[EndTime "11:46:40 PDT"]
[Termination "Gusarov91 won by resignation"]

1. d4 Nf6 2. Nf3 g6 3. c4 Bg7 4. Nc3 O-O 5. Bg5 c5 6. d5 e6 7. dxe6 fxe6 8. e4 Qa5 9. Nd2 Nc6 10. Bd3 Nh5 11. Rc1 Nf4 12. Bxf4 Rxf4 13. O-O d6 14. Nb3 Qd8 15. g3 Rf8 16. f4 Nd4 17. Kh1 Bd7 18.
Nxd4 cxd4 19. Ne2 a5 20. c5 dxc5 21. Rxc5 Bc6 22. Qb3 Kh8 23. Kg1 e5 24. Qc2 exf4 25. Nxf4 Qd7 26. Qg2 Rae8 27. Rxa5 Bh6 28. h4 Qg4 29.
Qf3 Rxf4 30. Qxg4 Rxg4 31. Kh2 Bxe4 32. Bb5 Rf8 33. Rxf8+ Bxf8 34. Ra8 Kg7 35. Be2 Bf5 36. Bxg4 Bxg4 37. Rd8 Bc5 38. b4 Bb6 39. Rd6 Ba7 40.
a4 Be2 41. Rd7+ Kf6 42. Rxb7 d3 43. Rxa7 Ke6 44. Ra6+ Ke5 45. Ra8 d2 46. Re8+ Kd4 47. Rd8+ Kc3 48. b5 d1=Q 49. Rxd1 Bxd1 50. a5 Kb4 51. b6 Bf3 52. a6 Ka5 53. b7 1-0

[Event "*** SCC Grand Prix: Titled Tuesday Blitz"]
[Site "Chess.com"]
[Date "2020.10.06"]
[Round "9"]
[White "tlomigtlis"]
[Black "elamier"]
[Result "1/2-1/2"]
[WhiteElo "2487"]
[BlackElo "2365"]
[TimeControl "180+1"]
[EndTime "11:46:41 PDT"]
[Termination "Game drawn by repetition"]

1. d4 d5 2. c4 c6 3. Nf3 Nf6 4. Nc3 dxc4 5. a4 e5 6. Nxe5 Bb4 7. Nxc4 c5 8. e3 Nc6 9. Be2 cxd4 10. exd4 Qxd4 11.
O-O O-O 12. Be3 Qh4 13. Nd5 Nxd5 14. Qxd5 Be6 15. Qb5 a6 16. Qxb7 Bxc4 17. Bxc4 Qxc4 18. Rac1 Na5 19. Rxc4 Nxb7 20. Rxb4 Na5 21. Rc1 f6 22. g3 Rfc8 23. Rxc8+ Rxc8 24. Rb6 Nc4 25. Rxa6 Nxe3 26. fxe3 Rc1+ 27. Kf2 Rc2+ 28. Kf3 Rxb2 29. Ra7 Ra2 30. a5 h5 31. h4 Kh7 32. a6 Kg6 33. Ra8 Ra4 34. Ke2 Kf5 35. Kf3 g6 36. a7 Ra3 37.
Ke2 Kg4 38. Rg8 Ra2+ 39. Kd3 Rxa7 40. Rxg6+ Kf3 41. Rxf6+ Kxg3 42. Rf4 Re7 43. Kd4 Rd7+ 44. Ke5 Re7+ 45. Kf5 Rxe3 46. Ra4 Rb3 47. Kg6 Rb5 48. Re4 Rc5 49. Rb4 Kh3 50. Rf4 Kg3 51. Re4 Kf3 52.
Rd4 Kg3 53. Re4 Kh3 54. Rf4 Kg3 55. Re4 1/2-1/2

[Event "*** SCC Grand Prix: Titled Tuesday Blitz"]
[Site "Chess.com"]
[Date "2020.10.06"]
[Round "9"]
[White "sergeikim"]
[Black "Kacparov"]
[Result "0-1"]
[WhiteElo "2550"]
[BlackElo "2765"]
[TimeControl "180+1"]
[EndTime "11:46:42 PDT"]
[Termination "Kacparov won by resignation"]

1. d4 Nf6 2. c4 e6 3. Nc3 Bb4 4. Qc2 d5 5. a3 Bxc3+ 6. Qxc3 Ne4 7. Qc2 O-O 8. Nf3 b6 9. g3 Ba6 10. b3 c5 11. dxc5 bxc5 12. Bg2 Nc6 13. O-O Rb8 14. Rd1 Re8 15. Bb2 Qb6 16. cxd5 exd5 17. Rxd5 Qxb3 18.
Qxb3 Rxb3 19. Ne5 Rxb2 20. Nxc6 Nc3 21. Rxc5 Nxe2+ 22. Kh1 Bb7 23. Nxa7 Nd4 24. Bxb7 Rxb7 25. Nc6 Nb3 26. Rac1 Nxc1 27. Rxc1 Rc7 28. Rc2 Kf8 29. Nb4 Rxc2 30. Nxc2 Re2 31. Nd4 Rxf2 32. Kg1 Ra2 33.
Nb5 Rb2 34. Nd4 Rd2 35. Nb5 Ke7 36. Nc3 Rd3 37. Nb5 Kd7 38. Kf2 Kc6 39. a4 Kc5 40. h4 Rd2+ 41. Kf3 Ra2 42. Nc7 Rxa4 43. Ne8 g6 44. Nf6 h5 45. Ne4+ Kd4 46. Ng5 f6 47.
Ne6+ Ke5 48. Nf4 Rxf4+ 49. gxf4+ Kf5 50. Kg3 Ke4 0-1

[Event "*** SCC Grand Prix: Titled Tuesday Blitz"]
[Site "Chess.com"]
[Date "2020.10.06"]
[Round "9"]
[White "lucachess49"]
[Black "chessmachine14"]
[Result "1-0"]
[WhiteElo "2396"]
[BlackElo "2279"]
[TimeControl "180+1"]
[EndTime "11:46:42 PDT"]
[Termination "lucachess49 won by checkmate"]

1. d4 Nf6 2. c4 g6 3. f3 Bg7 4. e4 d6 5. Nc3 O-O 6. Nge2 a6 7.
Be3 Nc6 8. Qd2 Rb8 9. Rc1 Bd7 10.
Nd1 b5 11. c5 dxc5 12. Rxc5 e5 13. d5 Ne7 14. g4 Nc8 15. h4 Nd6 16. b3 Re8 17.
Nf2 h5 18. Ng3 hxg4 19. Bg5 Qe7 20. Rc1 gxf3 21. h5 Qf8 22. Bxf6 Bxf6 23. Rxc7 Red8 24. Rxd7 Rxd7 25. Ng4 Bg7 26. h6 f5 27. hxg7 Qxg7 28. Nh6+ Kf8 29. exf5 gxf5 30. Nhxf5 Nxf5 31. Nxf5 Qg6 32. Bd3 e4 33. Bxe4 Re7 34. Qd3 Rxe4+ 35. Qxe4 f2+ 36.
Kxf2 Qb6+ 37. Kf3 Qf6 38. Rh6 Qf7 39. Rh8+ Qg8 40. Qe7# 1-0

[Event "*** SCC Grand Prix: Titled Tuesday Blitz"]
[Site "Chess.com"]
[Date "2020.10.06"]
[Round "9"]
[White "MPGM"]
[Black "Igor_Bitensky"]
[Result "1-0"]
[WhiteElo "2448"]
[BlackElo "2306"]
[TimeControl "180+1"]
[EndTime "11:46:43 PDT"]
[Termination "MPGM won on time"]

1. e3 b6 2. d4 Bb7 3. Nf3 e6 4. Bd3 f5 5. b3 Nf6 6. Bb2 Be7 7. Nbd2 O-O 8. c4 Ne4 9. Qc2 Nxd2 10. Nxd2 Bxg2 11. Rg1 Bb7 12. O-O-O d5 13. Rg3 c6 14. Rdg1 Bf6 15. h4 Nd7 16. h5 Rf7 17. Nf3 Nf8 18. Ng5 Rc7 19. h6 g6 20. Nxe6 Nxe6 21.
Bxf5 Nf8 22. Kb1 Kh8 23. e4 dxe4 24. Bxe4 Qe7 25. f4 Re8 26. Bd3 Rd7 27. f5 g5 28.
d5 Rd6 29. Rxg5 Nd7 30. Rg7 Qe3 31. R7g3 Qf4 32. Qe2 Rf8 33. dxc6 Bxc6 34. Bc2 Bb7 35. Bxf6+ Rdxf6 36. Rg4 Qe5 37. Qd2 1-0

[Event "*** SCC Grand Prix: Titled Tuesday Blitz"]
[Site "Chess.com"]
[Date "2020.10.06"]
[Round "9"]
[White "Klavdia_Nik"]
[Black "AntonovaNadezhda"]
[Result "0-1"]
[WhiteElo "2127"]
[BlackElo "2080"]
[TimeControl "180+1"]
[EndTime "11:46:43 PDT"]
[Termination "AntonovaNadezhda won on time"]

1. Nf3 Nf6 2. c4 g6 3. b3 Bg7 4. Bb2 d6 5. d4 O-O 6. d5 c6 7. dxc6 bxc6 8. g3 Bb7 9. Bg2 d5 10. Nbd2 Nbd7 11. O-O Re8 12. Ne5 Qc7 13. Nxd7 Qxd7 14.
Nf3 Rad8 15. Qc2 Nh5 16. Bxg7 Nxg7 17. Rad1 e5 18. e3 Qe7 19. c5 Bc8 20. e4 d4 21. Ne1 Ba6 22. Nd3 Ne6 23. b4 f6 24.
Rfe1 Rb8 25. a3 Bb5 26. Nb2 Kg7 27. Nc4 Bxc4 28. Qxc4 Rb7 29. Bh3 Nc7 30. f4 Reb8 31.
fxe5 Qxe5 32. Qxd4 a5 33. Qxe5 fxe5 34. Rd7+ Kh6 35. g4 axb4 36. Bg2 b3 37. h4 g5 0-1

[Event "*** SCC Grand Prix: Titled Tuesday Blitz"]
[Site "Chess.com"]
[Date "2020.10.06"]
[Round "9"]
[White "juancruzarias"]
[Black "ftorodent"]
[Result "0-1"]
[WhiteElo "2508"]
[BlackElo "2680"]
[TimeControl "180+1"]
[EndTime "11:46:44 PDT"]
[Termination "ftorodent won by resignation"]

1. e4 e6 2. d4 d5 3. exd5 exd5 4. c4 Nf6 5. Nf3 Bd6 6. Nc3 O-O 7. Be2 dxc4 8. Bxc4 Re8+ 9. Be3 Nbd7 10. O-O Nb6 11.
Bb3 Be6 12. Bc2 Nbd5 13. Bg5 Be7 14. h3 c6 15. Ne5 h6 16. Bh4 Nd7 17. Bxe7 Qxe7 18.
Re1 Nxe5 19. Rxe5 Qb4 20. Nxd5 Bxd5 21. Qd3 g6 22. a3 Qb6 23. b4 a5 24. Rb1 axb4 25.
axb4 Qc7 26. Rbe1 Rxe5 27. dxe5 Re8 28. Qe3 Qe7 29. Qc3 Qg5 30. g3 h5 31. h4 Qg4 32.
Kh2 Ra8 33. Bb3 Ra3 34. f3 Qxf3 35. Qxf3 Bxf3 36. Rb1 Kf8 37. e6 f5 38. b5 Ke7 39.
bxc6 Bxc6 40. Rb2 Ra5 41. Kg1 Rb5 42. Rb1 Bd5 43. Bc2 Rxb1+ 44. Bxb1 Kxe6 45. Kf2 Ke5 46. Ke3 b5 47. Bd3 b4 48. Bxf5 Kxf5 0-1

[Event "*** SCC Grand Prix: Titled Tuesday Blitz"]
[Site "Chess.com"]
[Date "2020.10.06"]
[Round "9"]
[White "FMKonstantin_Twitch"]
[Black "Das_Virus_2020"]
[Result "1-0"]
[WhiteElo "2543"]
[BlackElo "2393"]
[TimeControl "180+1"]
[EndTime "11:46:44 PDT"]
[Termination "FMKonstantin_Twitch won by resignation"]

1. Nf3 Nf6 2. g3 b6 3. Bg2 Bb7 4. O-O c5 5. d3 d6 6. c4 Nbd7 7. Nc3 e6 8. a3 Be7 9. Rb1 a6 10. b4 Qc7 11. Bd2 O-O 12. Qb3 Rab8 13. Rfc1 Rfe8 14.
Qd1 Bf8 15. e3 Rbc8 16. Qe2 g6 17. Ne1 Bxg2 18. Nxg2 Bg7 19. h4 h5 20. Nf4 Rb8 21. Kg2 Ne5 22. f3 Rec8 23. e4 Nc6 24. Be3 Nd7 25.
b5 Nd4 26. Bxd4 cxd4 27. Na2 a5 28. Rc2 Nc5 29. Nc1 Qe7 30. Qd1 Bh6 31. Nce2 Qf6 32. Qh1 Rd8 33. Rd1 Rbc8 34. Qh2 Nd7 35. g4 hxg4 36.
fxg4 Qe5 37. Rf1 Nc5 38. Qh3 Na4 39. g5 Bg7 40. Qg4 Rc5 41. Ng3 d5 42. exd5 exd5 43. Re2 Qd6 44. Nxd5 Rxd5 45. cxd5 Qxd5+ 46. Ne4 Nc3 47.
Ref2 Nxe4 48. dxe4 Qxb5 49. Rxf7 d3 50. Qe6 Qb2+ 51.
R7f2+ Kh7 52. Rxb2 Kh8 1-0

[Event "*** SCC Grand Prix: Titled Tuesday Blitz"]
[Site "Chess.com"]
[Date "2020.10.06"]
[Round "9"]
[White "ferch1ni"]
[Black "Caterpiller35"]
[Result "0-1"]
[WhiteElo "2378"]
[BlackElo "2499"]
[TimeControl "180+1"]
[EndTime "11:46:44 PDT"]
[Termination "Caterpiller35 won by checkmate"]

1. e4 c5 2. Nf3 Nc6 3. d4 cxd4 4.
Nxd4 e5 5. Nb5 d6 6. c4 Be7 7. Be2 Be6 8. Be3 a6 9. N5c3 Bg5 10. Bxg5 Qxg5 11. O-O Nf6 12. Qxd6 Bh3 13. g3 Rd8 14. Qc5 Bxf1 15. Bxf1 h5 16. h4 Qc1 17. a4 Qxb2 18. Ra2 Qb4 19. Qe3 O-O 20. Qc1 Nd4 21. Rb2 Qe7 22. Kg2 Ng4 23. f3 Nf6 24. Qg5 Rfe8 25.
Rf2 Qb4 26. g4 Qd6 27. Kh1 Ne6 28. Qc1 Nf4 29. g5 Nd7 30. Nd5 Nxd5 31. exd5 e4 32. fxe4 Rxe4 33. Rh2 Rde8 34. Nd2 Re1 35. Qc3 Qf4 36.
Kg1 R8e3 37. Qb2 Rg3+ 38. Rg2 Rxg2+ 39. Kxg2 Qg4+ 40. Kf2 Qxh4+ 41. Kg1 Qg3+ 42. Kh1 Qf2 43. Qc3 Re3 44. Qc1 Rg3 45. Ne4 Rg1# 0-1

[Event "*** SCC Grand Prix: Titled Tuesday Blitz"]
[Site "Chess.com"]
[Date "2020.10.06"]
[Round "9"]
[White "ExcitingTrap"]
[Black "profofchess"]
[Result "1-0"]
[WhiteElo "2279"]
[BlackElo "2367"]
[TimeControl "180+1"]
[EndTime "11:46:44 PDT"]
[Termination "ExcitingTrap won by checkmate"]

1. e4 e6 2. d4 d5 3. Nd2 Nf6 4. e5 Nfd7 5. Bd3 c5 6. c3 Nc6 7.
Ne2 cxd4 8. cxd4 f6 9. exf6 Nxf6 10. Nf3 Bd6 11. Bf4 Bxf4 12. Nxf4 Qa5+ 13. Qd2 Qxd2+ 14. Kxd2 O-O 15. Ne2 Ne4+ 16. Ke3 Nd6 17. a3 Bd7 18. Rac1 b5 19. Ne5 Nxe5 20. dxe5 Nc4+ 21. Bxc4 bxc4 22. f4 Rab8 23. Rc2 Rb3+ 24. Kf2 Rfb8 25. Rb1 Rxa3 26. Nd4 Rd3 27. Nf3 Be8 28. Ra1 Rb7 29. Ra6 Bg6 30.
Re2 Rdb3 31. Ng5 R3b6 32. Ra2 h6 33. Nf3 Bb1 34. Ra1 Rxb2 35. Nd4 Rxe2+ 36. Kxe2 Kf7 37. g4 h5 38. f5 hxg4 39. fxe6+ Ke7 40. Ra6 c3 41.
Rc6 c2 42. Kd2 a5 43. Nf5+ Ke8 44. Rc8# 1-0

[Event "*** SCC Grand Prix: Titled Tuesday Blitz"]
[Site "Chess.com"]
[Date "2020.10.06"]
[Round "9"]
[White "diablanni"]
[Black "nitpicker"]
[Result "1-0"]
[WhiteElo "2361"]
[BlackElo "2229"]
[TimeControl "180+1"]
[EndTime "11:46:47 PDT"]
[Termination "diablanni won on time"]

1. e4 d5 2. exd5 Qxd5 3. Nc3 Qd8 4. d4 Nf6 5. Bc4 a6 6. Nf3 b5 7. Bb3 c5 8. dxc5 Qxd1+ 9. Nxd1 e6 10. O-O Bxc5 11.
a4 b4 12. a5 O-O 13. Be3 Nbd7 14. Nd4 Bb7 15. h3 Nd5 16. Bxd5 Bxd5 17. Nb3 Bxb3 18. cxb3 Rab8 19. Rc1 Rfc8 20. Rc4 Rb5 21. Re1 Rd8 22. Re2 Kf8 23. Rd2 Ke7 24. Kf1 Rxa5 25. Ke2 Bd6 26. Rc6 Ne5 27. Rb6 Rd7 28. Bf4 f6 29. Ne3 g5 30. Bg3 Bc5 31. Rb8 Rxd2+ 32. Kxd2 Ra2 33. Kc2 Bd4 34. Nd1 Bc5 35. Rb7+ Nd7 36. Bc7 Ra1 37. Bh2 Ra5 38. Ne3 Bxe3 39. fxe3 Rd5 40. Rxb4 Ne5 41. Rb7+ Nd7 42. Bg3 Rf5 43. Be1 1-0

[Event "*** SCC Grand Prix: Titled Tuesday Blitz"]
[Site "Chess.com"]
[Date "2020.10.06"]
[Round "9"]
[White "Alexander_Kachko"]
[Black "m_ezat"]
[Result "0-1"]
[WhiteElo "2725"]
[BlackElo "2570"]
[TimeControl "180+1"]
[EndTime "11:46:48 PDT"]
[Termination "m_ezat won by resignation"]

1. e4 c6 2. d4 d5 3. exd5 cxd5 4. c3 Nc6 5. Bf4 g6 6. Nf3 Nh6 7. h4 Nf5 8. h5 Bg7 9. Bd3 Nd6 10. Ne5 Bf5 11.
Be2 Qb6 12. Qb3 Nxe5 13. dxe5 Ne4 14. Qxb6 axb6 15. Bb5+ Bd7 16. Be2 g5 17. Bh2 h6 18.
Nd2 Nc5 19. a3 Na4 20. O-O-O O-O 21. Nb3 Rfc8 22. Rxd5 Be6 23. Bf3 Nxc3 24. bxc3 Rxc3+ 25.
Kb2 Rxf3 26. gxf3 Bxd5 27. Nd4 Ra4 28. Rd1 f5 29. Nb5 Bxf3 30. Rd8+ Kf7 31. Nd4 Bxh5 32. f4 gxf4 33. Bxf4 Bg4 34. Kb3 b5 35. e6+ Kg6 36. Be3 Bd1+ 37. Kb2 f4 38. Bf2 h5 39. Rd7 Bg4 40.
Kc3 Rc4+ 41. Kb3 Bxd4 42. Bxd4 Bxe6 43. Rd8 Rc8+ 44. Kb4 Rxd8 45. Bb6 Rd5 0-1

[Event "*** SCC Grand Prix: Titled Tuesday Blitz"]
[Site "Chess.com"]
[Date "2020.10.06"]
[Round "9"]
[White "Skatchkov_V"]
[Black "Butterfly"]
[Result "0-1"]
[WhiteElo "2567"]
[BlackElo "2418"]
[TimeControl "180+1"]
[EndTime "11:46:48 PDT"]
[Termination "Butterfly won by resignation"]

1. d4 d6 2. e4 Nf6 3. Nc3 Nbd7 4. Nf3 e5 5. Bc4 h6 6. O-O Be7 7. a4 O-O 8. Re1 exd4 9. Nxd4 Re8 10. h3 Bf8 11. Bf4 Nc5 12. Nf5 Be6 13. Bxe6 Rxe6 14. Qd4 Qe8 15. f3 Nh5 16. Bd2 Nf6 17. b4 Ncd7 18. Nd5 Nxd5 19. exd5 Re5 20. f4 Re2 21.
Kf1 Rxe1+ 22. Rxe1 Qd8 23. c4 Qf6 24. Qxf6 Nxf6 25.
Bc3 Nh5 26. Re4 g6 27. Ne7+ Kh7 28. Re3 Nxf4 29. Bd4 Nh5 30. g4 Bg7 31. Bxg7 Nxg7 32. Rf3 Rf8 33. a5 f5 34. c5 Rf7 35. Nc8 Rd7 36. Nxa7 dxc5 37. bxc5 Rxd5 38. Rc3 fxg4 39. Nb5 gxh3 40. Nxc7 Rd1+ 41. Kf2 h2 0-1

[Event "*** SCC Grand Prix: Titled Tuesday Blitz"]
[Site "Chess.com"]
[Date "2020.10.06"]
[Round "9"]
[White "Matols"]
[Black "WiktoriaPOL"]
[Result "1-0"]
[WhiteElo "2255"]
[BlackElo "2058"]
[TimeControl "180+1"]
[EndTime "11:46:48 PDT"]
[Termination "Matols won by checkmate"]

1. d4 Nf6 2. c4 g6 3. g3 Bg7 4.
Bg2 O-O 5. Nc3 d6 6. Nf3 Nc6 7. O-O e5 8. d5 Ne7 9. e4 Nd7 10. Ne1 f5 11. Nd3 Nf6 12. b4 fxe4 13. Nxe4 Nxe4 14.
Bxe4 Bf5 15. Qe2 Bxe4 16. Qxe4 Qd7 17. Bb2 Rf5 18. c5 Rh5 19. Rac1 Qh3 20. Qg2 Qxg2+ 21. Kxg2 Nxd5 22. g4 Rg5 23. Kg3 Nf4 24. Nxf4 exf4+ 25. Kxf4 Bxb2 26. Kxg5 Bxc1+ 27. Rxc1 dxc5 28. Rxc5 c6 29. Re5 Kf7 30. f4 Rd8 31. Re2 Rd4 32. Rb2 Kg7 33. Rf2 h6+ 34. Kh4 Rxb4 35. f5 g5+ 36. Kh5 Kf6 37. Re2 Rf4 38. Re6+ Kg7 39. Rg6+ Kf7 40.
Rxh6 Rf2 41. Kxg5 Rxa2 42. Rh7+ Kg8 43. Rxb7 a5 44. Kg6 Kf8 45. f6 a4 46. Rb8# 1-0

[Event "*** SCC Grand Prix: Titled Tuesday Blitz"]
[Site "Chess.com"]
[Date "2020.10.06"]
[Round "9"]
[White "vladislavkovalev"]
[Black "Alexsur1981"]
[Result "0-1"]
[WhiteElo "2861"]
[BlackElo "2774"]
[TimeControl "180+1"]
[EndTime "11:46:49 PDT"]
[Termination "Alexsur1981 won on time"]

1. e4 c5 2. Nf3 e6 3. Nc3 Nc6 4. d4 cxd4 5. Nxd4 Nf6 6. Ndb5 Bc5 7. Bf4 O-O 8. Bc7 Qe7 9. Bd6 Bxd6 10. Qxd6 Qd8 11.
O-O-O a6 12. Nd4 Qa5 13. Nb3 Qb6 14. f3 Ne8 15. Qg3 d6 16. h4 Qc7 17. h5 h6 18.
Qf4 Qe7 19. Kb1 b5 20. g4 Bb7 21. Rg1 Qg5 22. Qg3 e5 23. Nd5 Nf6 24. Nxf6+ Qxf6 25. g5 hxg5 26. Qxg5 Qxg5 27. Rxg5 Rad8 28. Bh3 Kh8 29. Rg2 a5 30. c3 a4 31. Na1 b4 32. Rgd2 bxc3 33. bxc3 Rb8 34. Kc2 Bc8 35. Rxd6 Bxh3 36.
Rxc6 Bg2 37. Rd3 Rfd8 38. h6 Rxd3 39. Kxd3 Rb2 40. hxg7+ Kxg7 41. Nc2 Rxa2 42. Ne3 Bxf3 43. Nf5+ Kh7 44. Rf6 Be2+ 45. Ke3 Bc4 46. Nd6 Bb3 47.
Nf5 a3 48. Rh6+ Kg8 49. Ne7+ Kf8 50. Nf5 Ke8 51. Rb6 Rb2 52. Rb7 a2 53. Re7+ Kd8 54. Ra7 Rb1 0-1

[Event "*** SCC Grand Prix: Titled Tuesday Blitz"]
[Site "Chess.com"]
[Date "2020.10.06"]
[Round "9"]
[White "Blagorod"]
[Black "Manukyan_Artak"]
[Result "1-0"]
[WhiteElo "2193"]
[BlackElo "2286"]
[TimeControl "180+1"]
[EndTime "11:46:49 PDT"]
[Termination "Blagorod won by resignation"]

1. e4 c6 2. d4 d5 3. exd5 cxd5 4. Bd3 Nc6 5. c3 e5 6. dxe5 Nxe5 7. Bb5+ Nc6 8. Ne2 Nf6 9. O-O Bd6 10. Bf4 O-O 11. Nd2 Bg4 12. f3 Bh5 13. Nb3 Bxf4 14. Nxf4 Qb6+ 15. Nd4 Nxd4 16. Qxd4 Qxb5 17. Nxh5 Nxh5 18.
Rad1 Nf6 19. Qh4 Rac8 20. g4 h6 21. g5 hxg5 22. Qxg5 Qb6+ 23. Kh1 g6 24. Rd4 Kg7 25. f4 Rc4 26. Rd3 Qe6 27. f5 Qe4+ 28. Rdf3 Qg4 29.
Qe3 Re4 30. Qf2 g5 31. Rg1 Qh4 32. Rfg3 g4 33. Rxg4+ Rxg4 34. Qxh4 Rxg1+ 35. Kxg1 Re8 36. Qg5+ Kh7 37. Qxf6 Rg8+ 38. Kf2 Rg7 39. h4 Kg8 40. h5 d4 41. cxd4 Rg4 42. h6 Kh7 43. Kf3 Rg1 44.
Qxf7+ Kxh6 45. Qf6+ Kh5 46. Qh8+ Kg5 47. Qg8+ Kxf5 48.
Qxg1 1-0

[Event "*** SCC Grand Prix: Titled Tuesday Blitz"]
[Site "Chess.com"]
[Date "2020.10.06"]
[Round "9"]
[White "Gahan-MG"]
[Black "zajka-molotok"]
[Result "1-0"]
[WhiteElo "2591"]
[BlackElo "2467"]
[TimeControl "180+1"]
[EndTime "11:46:50 PDT"]
[Termination "Gahan-MG won on time"]

1. e4 e6 2. b3 d5 3. Bb2 Nf6 4. e5 Nfd7 5. c4 c5 6. cxd5 exd5 7. f4 Nc6 8. Nf3 d4 9. Bc4 Nb6 10. O-O Nxc4 11. bxc4 Be7 12. d3 O-O 13. Nbd2 f6 14. exf6 Rxf6 15. Ne4 Rxf4 16. Bc1 Rf8 17. Nfg5 Bf5 18.
Qh5 Bg6 19. Qg4 Rxf1+ 20. Kxf1 Qf8+ 21. Kg1 Qf5 22. Qg3 Rf8 23. Bd2 Ne5 24. h4 h6 25.
Nh3 Nxd3 26. Qxd3 Qxe4 27. Qxe4 Bxe4 28. Re1 Bxg2 29. Kxg2 Bxh4 30. Re5 b6 31. Rd5 Rf7 32. a4 Re7 33. Kf3 g5 34. a5 Kg7 35. a6 Kg6 36.
Rd6+ Kf5 37. Nf2 h5 38. Rd5+ Re5 39. Rxe5+ Kxe5 40. Nd3+ Kf5 41. Kg2 g4 42. Bf4 Ke4 43.
Bb8 Kxd3 44. Bxa7 Kxc4 45. Bxb6 d3 46. Ba5 Bd8 47. a7 Bxa5 48. a8=Q d2 49. Qe4+ Kc3 50.
Qb1 Bb4 51. Kf2 h4 52. Ke2 h3 53. Qg1 1-0

[Event "*** SCC Grand Prix: Titled Tuesday Blitz"]
[Site "Chess.com"]
[Date "2020.10.06"]
[Round "9"]
[White "Moultino06"]
[Black "Inga83"]
[Result "1-0"]
[WhiteElo "2639"]
[BlackElo "2420"]
[TimeControl "180+1"]
[EndTime "11:46:51 PDT"]
[Termination "Moultino06 won by checkmate"]

1. e4 c6 2. Nc3 d5 3. Qf3 e6 4.
d4 Nf6 5. e5 Nfd7 6. Qg3 c5 7.
dxc5 Nxc5 8. Bg5 Qb6 9. O-O-O Nc6 10. Nf3 a6 11. Be3 Qa5 12. Nd4 Bd7 13. Nxc6 Bxc6 14. Rd4 Qc7 15. Bd3 b5 16. Rg4 b4 17. Bxc5 bxc3 18. Bxf8 cxb2+ 19. Kb1 Rxf8 20. Rxg7 Bb5 21. f4 Bc4 22. Bxc4 dxc4 23. Rg8 c3 24. Qg7 Qc5 25. Rd1 Rc8 26. Qxh7 a5 27. Qg7 Rxg8 28. Qxg8+ Qf8 29. Qg3 Qc5 30. Qd3 Kf8 31. Qh7 Qc4 32. Qh8+ Ke7 33. Qf6+ Ke8 34. Qh8+ Ke7 35. Qh4+ Ke8 36.
Qg3 a4 37. Qf3 a3 38. h4 Ke7 39. h5 Rd8 40. Re1 Qd4 41. h6 Qd2 42. Rh1 Kf8 43. h7 Ke7 44. Qb7+ Rd7 45. Qb4+ Kd8 46.
h8=Q+ Kc7 47. Qhb8+ Kc6 48. Q4b5# 1-0

[Event "*** SCC Grand Prix: Titled Tuesday Blitz"]
[Site "Chess.com"]
[Date "2020.10.06"]
[Round "9"]
[White "Shankovskyi"]
[Black "akashcheck"]
[Result "0-1"]
[WhiteElo "2457"]
[BlackElo "2297"]
[TimeControl "180+1"]
[EndTime "11:46:51 PDT"]
[Termination "akashcheck won on time"]

1. e4 e5 2. Nf3 Nc6 3. Bc4 Bc5 4. b4 Bxb4 5. c3 Be7 6. d4 Na5 7. Nxe5 Nxc4 8. Nxc4 d5 9. exd5 Qxd5 10. Ne3 Qd8 11. O-O Nf6 12. c4 O-O 13. Nc3 c6 14. Bb2 Re8 15.
h3 Qa5 16. Qc2 Bd7 17. Rfd1 Rad8 18. Qb3 Bc8 19. Rac1 Qb4 20. d5 Bc5 21. Qxb4 Bxb4 22. Na4 Ne4 23. Bd4 c5 24. Bb2 Bd2 25. Rxd2 Nxd2 26.
Nxc5 b6 27. Nd3 Ba6 28. Nb4 Bb7 29. Rc2 Ne4 30. Nf5 f6 31. Nd4 Nc5 32. Rd2 Re1+ 33. Kh2 Rde8 34. Nd3 Nxd3 35. Rxd3 Rb1 36. Rd2 Rc8 37. d6 Kf7 38. Nb5 Rd8 39. Re2 Rd7 40. Rd2 Ba6 41. Na3 Re1 42. Bc3 Re4 0-1

[Event "*** SCC Grand Prix: Titled Tuesday Blitz"]
[Site "Chess.com"]
[Date "2020.10.06"]
[Round "9"]
[White "swimmerchess"]
[Black "TomiLen"]
[Result "1/2-1/2"]
[WhiteElo "2794"]
[BlackElo "2576"]
[TimeControl "180+1"]
[EndTime "11:46:53 PDT"]
[Termination "Game drawn by repetition"]

1. e4 e6 2. d4 d5 3. Nc3 Nf6 4.
e5 Nfd7 5. f4 c5 6. Nf3 Nc6 7.
Be3 Rb8 8. Qd2 Qa5 9. Be2 b5 10. O-O b4 11. Nd1 Ba6 12. Bxa6 Qxa6 13. Nf2 cxd4 14.
Nxd4 Bc5 15. Nb3 Bxe3 16. Qxe3 Qb6 17. Qg3 g6 18. Kh1 h5 19. Qh4 a5 20. a4 bxa3 21.
Rxa3 Qb5 22. Rfa1 Qe2 23. Nxa5 Nxa5 24. Rxa5 O-O 25. Nd3 Qxc2 26. R5a3 Rb3 27. Rxb3 Qxb3 28. Qh3 Rc8 29. Rg1 Rc2 30. Qf3 Rd2 31. Ne1 Rxb2 32.
Qxb3 Rxb3 33. Nf3 Nc5 34. Rd1 Rb4 35. g3 Rb2 36. Kg1 Ne4 37. Ra1 Kg7 38. Ra7 g5 39.
fxg5 Kg6 40. Nh4+ Kxg5 41. Rxf7 Kg4 42. Ng6 Rb1+ 43. Kg2 Rb2+ 44. Kg1 Rb1+ 45. Kg2 Rb2+ 46. Kg1 1/2-1/2

[Event "*** SCC Grand Prix: Titled Tuesday Blitz"]
[Site "Chess.com"]
[Date "2020.10.06"]
[Round "9"]
[White "Savagelittlemole"]
[Black "Itk04"]
[Result "1/2-1/2"]
[WhiteElo "2594"]
[BlackElo "2481"]
[TimeControl "180+1"]
[EndTime "11:46:53 PDT"]
[Termination "Game drawn by repetition"]

1. e4 e6 2. d4 d5 3. Nd2 c5 4. Ngf3 cxd4 5. Nxd4 Nc6 6. Bb5 Bd7 7. Bxc6 bxc6 8. O-O Bd6 9. Qe2 Qc7 10. N4f3 Ne7 11. e5 Bc5 12. Nb3 Bb6 13. a4 a5 14. c3 O-O 15.
Nbd4 Ng6 16. Re1 Rab8 17. g3 c5 18. Nb5 Bxb5 19. axb5 c4 20. Bg5 Bc5 21. h4 h6 22.
Be3 Rxb5 23. Bxc5 Qxc5 24. Nd4 Rb6 25. h5 Ne7 26. g4 Rfb8 27. Ra2 Nc6 28. Nf3 d4 29.
cxd4 Nxd4 30. Nxd4 Qxd4 31. Rd1 Qf4 32. Kg2 Rb5 33. Ra4 Rxb2 34. Rxc4 Rxe2 35. Rxf4 Rxe5 36. Rd7 f5 37. gxf5 Rxf5 38. Rxf5 exf5 39. Ra7 Rb5 40. Kf3 f4 41. Kg4 Rg5+ 42. Kxf4 Rxh5 43. Kg4 Rb5 44.
f4 Kh7 45. f5 h5+ 46. Kf4 Rb4+ 47. Kg5 Rb5 48. Kf4 Kh6 49. Ra6+ Kh7 50. Ra7 1/2-1/2